 Dungeon Crawl Stone Soup version 0.30-a0-305-g026cb31310 (webtiles) character file.

Game seed: 8553371265526761228

413 Lobster4 the Slasher (level 7, -2/54 HPs)
             Began as a Human Gladiator on Oct 23, 2022.
             Slain by a sky beast (6 damage)
             ... on level 5 of the Dungeon.
             The game lasted 00:11:08 (3829 turns).

Lobster4 the Slasher (Human Gladiator)              Turns: 3829, Time: 00:11:09

Health: -2/54      AC:  8    Str: 17    XL:     7   Next: 14%
Magic:  7/7        EV: 10    Int:  8    God:
Gold:   163        SH:  0    Dex: 14    Spells: 6/6 levels left

rFire   . . .      SeeInvis .    a - +0 long sword
rCold   . . .      Faith    .    (no shield)
rNeg    . . .      Spirit   .    x - +0 scale mail
rPois   +          Reflect  .    c - +0 helmet
rElec   .          Harm     .    A - +0 cloak
rCorr   .          Rampage  .    (no gloves)
Will    .....                    (no boots)
Stlth   ..........               (no amulet)
HPRegen 0.29/turn                k - ring of poison resistance
MPRegen 0.10/turn                (no ring)

@: confused, mighty, ambrosia-drunk
A: no striking features
a: no special abilities


You were on level 5 of the Dungeon.
You visited 1 branch of the dungeon, and saw 5 of its levels.

You collected 163 gold pieces.

Inventory:

Hand Weapons
 a - a +0 long sword (weapon)
 n - a +2 dagger of protection
 z - the +7 mace of the Smoking Badger {spect, rN+ Will- Str+6}
   (You found it on level 4 of the Dungeon)

   When its wielder attacks, the weapon's spirit leaps out and strikes again.
   The spirit shares a part of any damage it takes with its wielder.
   Str:       It affects your strength (+6).
   rN:        It protects you from negative energy.
   Will:      It decreases your willpower.
Missiles
 d - 2 throwing nets (quivered)
 g - a stone
Armour
 b - a +0 leather armour
 c - a +0 helmet (worn)
 h - a +0 chain mail
 x - a +0 scale mail (worn)
 A - a +0 cloak (worn)
Jewellery
 k - a ring of poison resistance (left hand)
Wands
 r - a wand of acid (5)
Scrolls
 i - 2 scrolls of fear {unknown}
 m - a scroll of enchant armour {unknown}
 p - 3 scrolls of teleportation {unknown}
 s - a scroll of noise {unknown}
 y - a scroll of amnesia {unknown}
Potions
 j - a potion of flight {unknown}
 l - a potion of might
 q - a potion of brilliance
 t - a potion of curing {unknown}
 u - a potion of attraction {unknown}
 v - a potion of cancellation {unknown}
 w - a potion of lignification {unknown}


   Skills:
 + Level 4.1 Fighting
 + Level 4.8 Long Blades
 + Level 0.0 Maces & Flails
 + Level 4.2 Throwing
 + Level 1.6 Armour
 - Level 3.0 Dodging


You had 6 spell levels left.
You didn't know any spells.
Your spell library contained the following spells:

 Spells                   Type           Power      Damage    Failure   Level
 Apportation              Tloc           0%         N/A       83%         1
 Necrotise                Necr           0%         1d4       83%         1
 Summon Small Mammal      Summ           0%         N/A       83%         1
 Leda's Liquefaction      Hex/Erth       0%         N/A       100%        4
 Lee's Rapid Deconstruct  Erth           0%         3d4*      100%        5
 Statue Form              Tmut/Erth      0%         N/A       100%        6


Dungeon Overview and Level Annotations

Branches:
Dungeon (5/15)
 Temple: D:4-7

Altars:

Shops:
D:4 (

Annotations:
D:2 Robin, Sigmund


Message History

The centaur hits you.
The centaur kicks you but does no damage.
The sky beast barely misses you. The centaur hits you.
The centaur kicks you but does no damage.
You hit the sky beast.
The sky beast is heavily wounded.
The centaur hits you.
The centaur kicks you but does no damage.
The sky beast hits you. The sky beast shocks you.
The centaur hits you but does no damage.
The centaur kicks you but does no damage.
The sky beast flickers out of sight!
Deactivating autopickup; reactivate with Ctrl-A.
Something hits you. Something shocks you.
* * * LOW HITPOINT WARNING * * *
You closely miss something. The centaur hits you.
* * * LOW HITPOINT WARNING * * *
The centaur barely misses you. Something hits you but does no damage.
You miss something. The centaur hits you.
* * * LOW HITPOINT WARNING * * *
The centaur kicks you.
* * * LOW HITPOINT WARNING * * *
The centaur hits you but does no damage.
The centaur kicks you but does no damage.
Something hits you but does no damage.
You feel very mighty all of a sudden.
The centaur hits you but does no damage.
The centaur closely misses you. Something hits you.
* * * LOW HITPOINT WARNING * * *
Something shocks you.
* * * LOW HITPOINT WARNING * * *
The centaur barely misses you. The centaur kicks you.
* * * LOW HITPOINT WARNING * * *
You are confused.
You feel invigorated. The centaur barely misses you.
The centaur kicks you but does no damage.
Something hits you.
* * * LOW HITPOINT WARNING * * *
Something shocks you.
You die...

###
..#
#.#
#.#
#.#
#.#
#.##
#<.#
#@?#
#c{#
#..#
#.?#
#..#
#..#
#..#
#..#


You could see a centaur.

Vanquished Creatures
  A black bear (D:4)
  A scorpion (D:4)
  2 necrophages (D:4)
  4 gnolls (D:3)
  4 adders
  A white imp (D:4)
  A worm (D:4)
  A dart slug (D:1)
  4 orcs (D:3)
  3 bats
  2 endoplasms
  2 giant cockroaches
  8 goblins
  2 hobgoblins (D:1)
  2 jackals (D:2)
  3 quokkas
  6 ball pythons
  3 frilled lizards
  6 kobolds
  6 rats
62 creatures vanquished.

Notes
Turn   | Place    | Note
-------+----------+-------------------------------------------
     0 | D:1      | Lobster4 the Human Gladiator began the quest for the Orb.
     0 | D:1      | Reached XP level 1. HP: 16/16 MP: 1/1
   142 | D:1      | Reached XP level 2. HP: 22/22 MP: 2/2
   540 | D:1      | Reached XP level 3. HP: 27/28 MP: 3/3
  1062 | D:2      | Noticed Sigmund
  1128 | D:2      | Noticed Robin
  1436 | D:3      | Reached XP level 4. HP: 34/34 MP: 4/4
  2250 | D:3      | Reached XP level 5. HP: 18/41 MP: 5/5
  2618 | D:4      | Reached XP level 6. HP: 8/47 MP: 6/6
  3125 | D:4      | Noticed a black bear
  3155 | D:4      | Killed a black bear
  3156 | D:4      | Reached skill level 1 in Armour
  3253 | D:4      | Reached XP level 7. HP: 49/54 MP: 7/7
  3256 | D:4      | Identified the +7 mace of the Smoking Badger {spect, rN+
                  | Will- Str+6}
  3336 | D:4      | Found Edwagg's Weapon Shop.
  3567 | D:5      | Entered Level 5 of the Dungeon
  3828 | D:5      | HP: 2/54 [centaur (3)]
  3829 | D:5      | Slain by a sky beast

Illustrated notes

Levels and vault maps discovered:
D:1:      minmay_arrival_jagged, layout_basic
D:2:      layout_basic, uniq_robin, uniq_crazy_yiuf_cottage, uniq_sigmund
D:3:      layout_loops_corners, wad_orctagon
D:4:      layout_gridville, serial_shops, nicolae_shop_bloodbath_and_beyond
D:5:      layout_basic, gup_sewer_entry_bubbles, guppyfry_early_orc_mine,
          uniq_edmund, uniq_duvessa

Skill      XL: |  1  2  3  4  5  6 |
---------------+-------------------+-----
Fighting       | 3 4 |  4.1
Throwing       | 3 4 |  4.2
Long Blades    | 4 |  4.8
Armour         | 1 |  1.6
Dodging        | |  3.0

Action                   |  1- 3 |  4- 6 |  7- 9 || total
-------------------------+-------+-------+-------++-------
Melee: Long sword        |   114 |   108 |    27 ||   249
       Punch             |     1 |     2 |       ||     3
Throw: Javelin           |       |     3 |     1 ||     4
       Stone             |       |     1 |       ||     1
       Throwing net      |       |     1 |       ||     1
Evoke: Wand              |       |     4 |     1 ||     5
  Use: Scroll            |     3 |     2 |     1 ||     6
       Potion            |       |       |     2 ||     2
 Stab: Sleeping          |     1 |       |       ||     1
Armor: Leather armour    |    37 |     9 |       ||    46
       Chain mail        |       |    40 |       ||    40
       Scale mail        |       |     9 |    30 ||    39
Dodge: Dodged            |    92 |    53 |    29 ||   174

Table legend: (Time is in decaauts)
 A = Elapsed time spent in this place.
 B = Non-inter-level travel time spent in this place.
 C = Inter-level travel time spent in this place.
 D = Time resting spent in this place.
 E = Time spent auto-exploring this place.
 F = Levels seen in this place.
 G = Mean time per level.
                   A        B        C        D        E       F      G
               +--------+--------+--------+--------+--------+-----+--------+
         Total |   3886 |   3619 |    267 |    467 |   2359 |   5 |  777.2 |
       Dungeon |   3886 |   3619 |    267 |    467 |   2359 |   5 |  777.2 |
               +--------+--------+--------+--------+--------+-----+--------+

Top non-repeatable levels by time:
     D:4: 1293 daAuts
     D:3: 1120 daAuts
     D:1: 1056 daAuts
     D:2: 354 daAuts
     D:5: 63 daAuts
